 Dungeon Crawl Stone Soup version 0.30.0-10-gfe55d96785 (webtiles) character file.

Game seed: 18238236747115373816

1938 olmar the Covered (level 9, 0/54 HPs)
             Began as a Gargoyle Fighter on May 13, 2023.
             Was an Initiate of Gozag.
             Slain by a troll (10 damage)
             ... on level 7 of the Dungeon.
             The game lasted 00:10:06 (5805 turns).

olmar the Covered (Gargoyle Fighter)                Turns: 5805, Time: 00:10:07

Health: 0/54       AC: 15    Str: 23 (24) XL:     9   Next: 18%
Magic:  9/9        EV: 10    Int:  6 (9)  God:    Gozag
Gold:   257        SH:  4    Dex:  7 (9)  Spells: 8/8 levels left

rFire   + . .        a - +0 flail
rCold   . . .        c - +0 buckler
rNeg    + . .        b - +0 scale mail
rPois   ∞            (no helmet)
rElec   +            (no cloak)
rCorr   .            (no gloves)
SInv    +            m - +0 pair of boots
Will    .....        o - amulet of regeneration Stlth
                     g - ring of see invisible
HPRegen 1.09/turn    f - ring of protection from fire
MPRegen 0.11/turn

%: no passive effects
@: no status effects
A: sickness immunity, AC +6, negative energy resistance 1, electricity
resistance, torment resistance 1, petrification resistance
a: Renounce Religion, Potion Petition, Call Merchant, Bribe Branch


You were on level 7 of the Dungeon.
You worshipped Gozag.
Gozag was aware of your devotion.
You visited 2 branches of the dungeon, and saw 8 of its levels.

You collected 381 gold pieces.
You paid 124 gold pieces to Gozag.

Inventory:

Hand Weapons
 a - a +0 flail (weapon)
Armour
 b - a +0 scale mail (worn)
 c - a +0 buckler (worn)
 m - a +0 pair of boots (worn)
Jewellery
 e - the ring "Pauskid" {*Corrode rC+ Int+3 Stlth+}
   (You took it off a wight on level 5 of the Dungeon)

   [ring of protection from cold]

   Int:       It affects your intelligence (+3).
   rC:        It protects you from cold.
   *Corrode:  It may corrode you when you take damage.
   Stlth:     It makes you more stealthy.
 f - a ring of protection from fire (right hand)
 g - a ring of see invisible (left hand)
 i - an amulet of magic regeneration
 o - an amulet of regeneration (around neck)
 w - a ring of protection from cold
Scrolls
 h - a scroll of fog
 j - a scroll of noise
 q - a scroll of blinking
 r - a scroll of magic mapping {unknown}
 u - a scroll of amnesia
 x - a scroll of teleportation
Potions
 d - 2 potions of might
 k - 4 potions of mutation
 l - a potion of brilliance
 s - a potion of berserk rage {unknown}
 t - a potion of heal wounds {unknown}
 v - a potion of attraction {unknown}


   Skills:
 + Level 5.5 Fighting
 + Level 7.6 Maces & Flails
 + Level 7.9 Armour
 + Level 3.0 Dodging
 + Level 2.6 Stealth
 - Level 3.5 Shields


You had 8 spell levels left.
You didn't know any spells.
Your spell library contained the following spells:

 Spells                   Type           Power      Damage    Failure   Level
 Magic Dart               Conj           0%         1d3       80%         1
 Blink                    Tloc           0%         N/A       90%         2
 Call Imp                 Summ           0%         N/A       90%         2
 Lesser Beckoning         Tloc           0%         N/A       90%         2
 Momentum Strike          Conj/Tloc      0%         3d8       90%         2
 Scorch                   Fire           0%         2d5       90%         2
 Hailstorm                Conj/Ice       0%         3d3       99%         3
 Mephitic Cloud           Conj/Pois/Air  0%         N/A       99%         3
 Tukima's Dance           Hex            0%         N/A       99%         3
 Flame Wave               Conj/Fire      0%         2d4       100%        4
 Ice Form                 Ice/Tmut       0%         N/A       100%        4
 Passage of Golubria      Tloc           0%         N/A       100%        4
 Blade Hands              Tmut           0%         N/A       100%        5
 Irradiate                Conj/Tmut      0%         3d11      100%        5
 Yara's Violent Unravell  Hex/Tmut       0%         3d3       100%        5
 Summon Cactus Giant      Summ           0%         N/A       100%        6
 Dragon Form              Tmut           0%         N/A       100%        7
 Simulacrum               Ice/Necr       Unusable   N/A       N/A         6

Dungeon Overview and Level Annotations

Branches:
Dungeon (7/15)             Temple (1/1) D:7

Altars:
Cheibriados
Elyvilon
Fedhas
Gozag
Hepliaklqana
Okawaru
Trog
Vehumet
Xom

Shops:
D:3 *

Annotations:
D:5 Prince Ribbit


Innate Abilities, Weirdness & Mutations

You are immune to sickness and miasma.
Your stone body is resilient. (AC +6)
You are immune to poison.
You resist negative energy. (rN+)
You are resistant to electric shocks. (rElec)
You are resistant to unholy torment.
You are immune to petrification.


Message History

The troll barely misses you.
Unknown command.
You closely miss the troll.
The troll is heavily wounded.
The troll bites you. The troll barely misses you. The troll claws you!
Unknown command.
You barely miss the troll.
The troll is heavily wounded.
The troll barely misses you. x2; The troll claws you but does no damage.
Unknown command.
Unknown command.
You closely miss the troll.
The troll is heavily wounded.
The troll bites you but does no damage. The troll claws you but does no damage.
The troll claws you!
* * * LOW HITPOINT WARNING * * *
Unknown command.
You feel better. The troll bites you but does no damage.
The troll barely misses you. The troll claws you.
Unknown command.
You closely miss the troll.
The troll is heavily wounded.
The troll bites you but does no damage. The troll claws you but does no damage.
The troll barely misses you.
Unknown command.
You completely miss the troll.
The troll is heavily wounded.
The troll misses you. The troll claws you but does no damage.
The troll claws you!
* * * LOW HITPOINT WARNING * * *
Unknown command.
Okay, then.
It was a potion of degeneration.
There was something very wrong with that liquid.
You feel weakened.
You feel dopey.
You feel clumsy. The troll bites you.
* * * LOW HITPOINT WARNING * * *
The troll claws you!
You die...
Your body crumbles into a pile of gold.

#######.#.# #.
#.#.# #. #.#.#
#. #######.#.#
#. #.......#.#
#. #.#######..
#. #.# #. #.
########.#######
#.
#...<...@T.....#
##.
#.######.#####.#
#.. #.# #.# #.#
######.# #.# #.
#.# #.# #......#
#.#####.##.# #.#
## #......#
#..........# #.#
.###......#
#####.#.#..# #.#
.P##...#.##
###....#..# #.#
.##.......#
##.........# #.#


You could see a troll.

Vanquished Creatures
  A hornet (D:7)
  A steam dragon (D:7)
  2 water moccasins (D:6)
  A sky beast (D:6)
  A black bear (D:5)
  An ice beast (D:6)
  An ogre (D:5)
  4 phantoms
  A bullfrog (D:6)
  2 scorpions
  3 wights
  A howler monkey (D:5)
  2 hounds
  A jelly (D:4)
  3 iguanas
  2 orc wizards
  5 adders
  2 shadow imps
  An ufetubus (D:6)
  2 dart slugs (D:1)
  10 orcs
  9 endoplasms
  5 giant cockroaches
  4 goblins
  5 hobgoblins
  11 jackals
  7 kobolds
  7 quokkas
  10 ball pythons
  3 bats
  2 frilled lizards (D:3)
  5 rats
115 creatures vanquished.

Notes
Turn   | Place    | Note
-------+----------+-------------------------------------------
     0 | D:1      | olmar the Gargoyle Fighter began the quest for the Orb.
     0 | D:1      | Reached XP level 1. HP: 14/14 MP: 1/1
    96 | D:1      | Reached XP level 2. HP: 3/19 MP: 2/2
   572 | D:1      | Reached XP level 3. HP: 23/23 MP: 3/3
   673 | D:2      | Found a faded altar of an unknown god.
  1291 | D:2      | Noticed a phantom
  1569 | D:3      | Found Huh Vaxe's Assorted Antiques.
  1618 | D:3      | Reached XP level 4. HP: 20/28 MP: 4/4
  2027 | D:4      | Reached skill level 1 in Dodging
  2074 | D:4      | Reached XP level 5. HP: 18/33 MP: 5/5
  2388 | D:4      | Noticed a phantom
  2411 | D:4      | Killed a phantom
  2412 | D:4      | Reached skill level 5 in Armour
  2412 | D:4      | Reached XP level 6. HP: 29/38 MP: 6/6
  3138 | D:5      | Entered Level 5 of the Dungeon
  3264 | D:5      | Noticed a black bear
  3284 | D:5      | Killed a black bear
  3285 | D:5      | Reached XP level 7. HP: 23/43 MP: 7/7
  3387 | D:5      | Reached skill level 5 in Maces & Flails
  3453 | D:5      | Noticed Prince Ribbit
  4305 | D:6      | Reached skill level 1 in Stealth
  4305 | D:6      | Reached XP level 8. HP: 48/48 MP: 8/8
  4394 | D:6      | Found a bloodstained altar of Trog.
  4494 | D:6      | Found a white marble altar of Elyvilon.
  4728 | D:6      | Identified the ring "Pauskid" {*Corrode rC+ Int+3 Stlth+}
  5223 | D:6      | Reached skill level 5 in Fighting
  5423 | D:7      | Found a staircase to the Ecumenical Temple.
  5438 | Temple   | Entered the Ecumenical Temple
  5462 | Temple   | Became a worshipper of Gozag Ym Sagoz the Greedy
  5534 | D:7      | Noticed a hornet
  5549 | D:7      | Killed a hornet
  5550 | D:7      | Reached XP level 9. HP: 27/54 MP: 9/9
  5785 | D:7      | Noticed a troll
  5805 | D:7      | Slain by a troll

Illustrated notes

Levels and vault maps discovered:
D:1:      sevenhm_arrival_forest_fort_small_4, layout_rooms
D:2:      layout_loops_ring, ebering_ecumenical_altar_hall, serial_forest,
          infiniplex_forest_lined_corner, infiniplex_forest_clump_C,
          infiniplex_forest_lined_3, infiniplex_forest_lined_room_3,
          infiniplex_forest_clump_large, infiniplex_forest_clump_medium,
          infiniplex_forest_lined_2, infiniplex_forest_lined_2,
          infiniplex_forest_end_double, lightli_corner_chamber
D:3:      layout_rooms, serial_shops, shop
D:4:      layout_rooms, minivault_24, minmay_fractal_squares_gapless_5
D:5:      layout_basic, minmay_tree_intersection, uniq_prince_ribbit1
D:6:      layout_loops_cross, mainiacjoe_overflow_chevrons,
          mainiacjoe_overflow_tiny_flanked, portal_sewer_entry_e,
          grunt_decor_resistance, nicolae_elevator_lobby_asterisk
D:7:      layout_loops_ring, minmay_temple_entry_gardened_gates
Temple:   nicolae_temple_bog_church

Skill      XL: |  1  2  3  4  5  6  7  8  9 |
---------------+----------------------------+-----
Armour         | 4 5 6 7 |  7.9
Maces & Flails | 3 4 5 7 |  7.6
Dodging        | 1 2 3 |  3.0
Fighting       | 4 5 |  5.5
Stealth        | 1 2 |  2.6
Shields        | |  3.5

Action                     |  1- 3 |  4- 6 |  7- 9 || total
---------------------------+-------+-------+-------++-------
  Melee: Flail             |   136 |   193 |   282 ||   611
    Use: Scroll            |       |     2 |     7 ||     9
         Potion            |       |       |     7 ||     7
   Stab: Invisible         |       |       |     3 ||     3
 Armour: Scale mail        |    99 |   135 |   159 ||   393
         Skin              |       |       |     6 ||     6
  Dodge: Dodged            |    95 |   129 |   163 ||   387
  Block: Buckler           |    44 |    53 |    69 ||   166
